 Dungeon Crawl Stone Soup version 0.25.1-2-g60ff931df9 (webtiles) character file.

Game seed: 15444607558913740813

32530 growler the Frost Mage (level 13, -5/110 HPs)
             Began as a Demigod Ice Elementalist on Oct 3, 2020.
             Slain by an ice dragon (13 damage)
             ... on level 6 of the Lair of Beasts.
             The game lasted 01:13:49 (21622 turns).

growler the Frost Mage (Demigod Ice Elementalist)  Turns: 21622, Time: 01:13:50

Health: -5/110     AC: 10    Str: 11    XL:     13   Next: 3%
Magic:  9/24       EV: 14    Int: 27    God:
Gold:   883        SH: 11    Dex: 16    Spells: 5/22 levels left

rFire    x . .     SeeInvis .   S - +2 dagger (venom)
rCold    + . .     Gourm    .   C - +0 kite shield
rNeg     . . .     Faith    .   H - +0 troll leather armour
rPois    .         Spirit   .   (no helmet)
rElec    .         Reflect  .   G - +2 cloak
rCorr    .         Harm     .   h - +1 pair of gloves
MR       +....                  (no boots)
Stlth    +++.......             s - amulet of the acrobat
HPRegen  0.68/turn              l - ring of flight
MPRegen  0.19/turn              w - ring of ice

@: very slightly contaminated
A: high mp 1
a: Evoke Flight


You were on level 6 of the Lair of Beasts.
You were hungry.

You visited 2 branches of the dungeon, and saw 17 of its levels.

You collected 883 gold pieces.

Inventory:

Hand Weapons
 D - a +3 whip of freezing
   (You found it on level 8 of the Dungeon)
 S - a +2 dagger of venom (weapon)
   (You took it off an orc wizard on level 10 of the Dungeon)
Missiles
 I - 8 curare-tipped darts (quivered) {!f}
Armour
 a - a +0 robe
 h - a +1 pair of gloves (worn)
   (You found it on level 2 of the Dungeon)
 C - a +0 kite shield (worn)
   (You found it on level 7 of the Dungeon)
 G - a +2 cloak (worn)
   (You found it on level 9 of the Dungeon)
 H - a +0 troll leather armour (worn)
   (You found it on level 11 of the Dungeon)
 J - a +0 leather armour
   (You found it on level 10 of the Dungeon)
Jewellery
 i - an uncursed ring of protection from fire
   (You found it on level 10 of the Dungeon)
 l - a ring of flight (left hand)
   (You found it on level 2 of the Dungeon)
 s - an amulet of the acrobat (around neck)
   (You found it on level 5 of the Dungeon)
 w - a ring of ice (right hand)
   (You found it on level 10 of the Dungeon)
 z - an uncursed ring of see invisible
   (You took it off a gnoll on level 8 of the Dungeon)
 K - an uncursed amulet of magic regeneration
   (You found it on level 3 of the Lair of Beasts)
 O - a +6 ring of strength
   (You found it on level 1 of the Lair of Beasts)
 T - an uncursed ring of wizardry
   (You found it on level 3 of the Lair of Beasts)
Wands
 d - a wand of iceblast (8)
   (You found it on level 6 of the Lair of Beasts)
 f - a wand of clouds (5)
   (You found it on level 5 of the Dungeon)
 o - a wand of polymorph (14)
   (You found it on level 3 of the Dungeon)
 t - a wand of flame (42)
   (You found it on level 9 of the Dungeon)
 v - a wand of digging (5)
   (You found it on level 2 of the Lair of Beasts)
 x - a wand of acid (3)
   (You found it on level 1 of the Lair of Beasts)
Scrolls
 k - 3 scrolls of fog
 m - 5 scrolls of remove curse {@r2}
 n - a scroll of blinking
 p - a scroll of noise {!r}
 q - a scroll of enchant weapon
 u - 2 scrolls of fear
 y - 3 scrolls of amnesia
 A - 2 scrolls of magic mapping
 E - 4 scrolls of enchant armour
 L - a scroll of vulnerability {!r}
 N - a scroll of summoning
 P - 5 scrolls of teleportation {@r4}
 Q - a scroll of immolation {!r}
 V - 5 scrolls of identify {@r1}
Potions
 b - 3 potions of stabbing
 g - a potion of heal wounds {@q2}
 j - 8 potions of curing {@q1}
 r - 2 potions of ambrosia
 B - a potion of invisibility
 F - 4 potions of lignification {!q}
 R - 3 potions of flight
 U - a potion of berserk rage {unknown}
Miscellaneous
 M - a phantom mirror
Comestibles
 e - 25 rations {!d}


   Skills:
 + Level 8.9 Fighting
 - Level 6.0 Short Blades
 - Level 6.0 Armour
 - Level 6.0 Dodging
 - Level 5.0 Stealth
 - Level 10.0 Shields
 - Level 5.0 Spellcasting
 - Level 3.0 Hexes
 - Level 3.0 Charms
 - Level 4.0 Summonings
 - Level 10.0 Ice Magic


You had 5 spell levels left.
You knew the following spells:

 Your Spells              Type           Power        Failure   Level  Hunger
a - Freeze                Ice            ####         1%          1    None
b - Frozen Ramparts       Ice            ######       1%          3    #......
c - Ozocubu's Armour      Chrm/Ice       ######..     3%          3    #......
d - Summon Ice Beast      Ice/Summ       ######..     10%         4    ###....
e - Hailstorm             Conj/Ice       ######..     22%         4    ###....
x - Ensorcelled Hibernat  Hex/Ice        ######       1%          2    None

Your spell library contained the following spells:

 Spells                   Type           Power        Failure   Level  Hunger
 Corona                   Hex            ###....      4%          1    None
 Confusing Touch          Hex            ###.....     16%         3    #......
 Tukima's Dance           Hex            ###.....     16%         3    #......
 Sandblast                Erth           #.....       17%         1    None
 Passwall                 Tmut/Erth      #.......     26%         2    None
 Dazzling Flash           Conj/Hex       ##....       28%         3    #......
 Metabolic Englaciation   Hex/Ice        ######....   32%         5    #####..
 Gell's Gravitas          Tloc           #.........   45%         3    #......
 Stone Arrow              Conj/Erth      #.....       45%         3    #......
 Petrify                  Tmut/Erth      #.......     86%         4    ###....
 Yara's Violent Unravell  Hex/Tmut       ##........   95%         5    #####..
 Borgnjor's Vile Clutch   Necr/Erth      #.........   99%         5    #####..
 Lee's Rapid Deconstruct  Erth           #.........   99%         5    #####..
 Shatter                  Erth           #.........   100%        9    #######


Dungeon Overview and Level Annotations

Branches:
Dungeon (11/15)            Temple (0/1) D:6            Lair (6/6) D:8
 Shoals (0/4) Lair:3       Spider (0/4) Lair:4        Slime (0/5) Lair:5
    Orc: D:9-12

Shops:
D:5 %

Annotations:
D:11 3 runed translucent doors, DadFather's ghost, journeyman CeHu
Lair:2 1 runed translucent door, Cheops's ghost, journeyman HaHu


Innate Abilities, Weirdness & Mutations

You have an increased reservoir of magic. (+10% MP)


Message History

You hit the ice dragon.
Your ice beast hits the ice dragon.
Your ice beast freezes the ice dragon.
The ice dragon resists.
You hit the ice dragon. The ice dragon bites you!
* * * LOW HITPOINT WARNING * * *
The ice dragon claws you!
* * * LOW HITPOINT WARNING * * *
The ice dragon closely misses you.
Your ice beast hits the ice dragon.
Your ice beast freezes the ice dragon.
The ice dragon resists.
You hit the ice dragon.
The ice dragon looks as sick as possible!
The ice dragon bites you.
* * * LOW HITPOINT WARNING * * *
You block the ice dragon's attack. The ice dragon tramples you.
* * * LOW HITPOINT WARNING * * *
You stumble backwards!
You hit the ice dragon but do no damage.
The ice dragon bites you.
* * * LOW HITPOINT WARNING * * *
The ice dragon claws you but does no damage.
You block the ice dragon's attack.
Your ice beast barely misses the ice dragon.
You hit the ice dragon.
The ice dragon looks as sick as possible!
Unknown command.
You hit the ice dragon. The ice dragon bites you.
* * * LOW HITPOINT WARNING * * *
The ice dragon claws you!
* * * LOW HITPOINT WARNING * * *
You block the ice dragon's attack.
Your ice beast hits the ice dragon but does no damage.
You feel much better. The ice dragon bites you!
* * * LOW HITPOINT WARNING * * *
The ice dragon barely misses you. You block the ice dragon's attack.
Your ice beast completely misses the ice dragon.
You hit the ice dragon. The ice dragon barely misses you. x3
Your ice beast hits the ice dragon.
Your ice beast freezes the ice dragon.
The ice dragon resists.
You hit the ice dragon. The ice dragon bites you.
* * * LOW HITPOINT WARNING * * *
The ice dragon barely misses you. The ice dragon tramples you!
* * * LOW HITPOINT WARNING * * *
You hold your ground!
You hit the ice dragon.
Your ice beast hits the ice dragon.
Your ice beast freezes the ice dragon.
The ice dragon resists.
You hit the ice dragon.
The ice dragon is no longer covered in acid.
The ice dragon bites you!
* * * LOW HITPOINT WARNING * * *
You block the ice dragon's attack. The ice dragon tramples you!
You die...

### ######## ..#####
#.##.P@###
......#####......D.###
##P....##.....###.Y..##
####..#.....## ##....##
##.....##.# ###...# #
####....#.#### ##...##
#### ##......#.##
##..⌠#'# #...
.....†.#.## #...###$$
#.(. .#..P.#### ##..##
$.$# #...


You could see an ice dragon (extremely poisoned) and a friendly ice beast
(summoned).

Vanquished Creatures
  2 hydras
  A two-headed ogre (D:9)
  Nergalle (Lair:3)
  A lindwurm (Lair:6)
  An orb spider (Lair:4)
  A cyclops (D:11)
  4 merfolk sirens (Lair:3)
  6 elephants (Lair:3)
  5 black mambas
  14 spiny frogs
  5 torpor snails (Lair:6)
  2 komodo dragons
  3 rime drakes (Lair:6)
  A troll (D:11)
  2 polar bears
  7 hornets
  Prince Ribbit (D:5)
  4 tyrant leeches (Lair:6)
  Grinder (D:5)
  9 hippogriffs
  A spriggan (D:7)
  Sigmund (D:2)
  A vampire (D:11)
  A basilisk (Lair:5)
  2 wyverns
  11 yaks
  2 vampire mosquitoes (D:10)
  5 porcupines
  12 water moccasins
  An ice beast (D:10)
  2 orc warriors
  A black bear (D:9)
  A necrophage (D:7)
  5 sky beasts
  9 ogres
  3 centaurs
  6 wolves (Lair:5)
  11 crocodiles
  11 bullfrogs
  8 scorpions
  14 killer bees
  3 howler monkeys (D:8)
  A vampire bat (Lair:5)
  7 crimson imps
  2 centaur zombies
  A jelly (D:6)
  5 hounds
  A quasit (D:9)
  Crazy Yiuf (D:5)
  A gnoll shaman (D:8)
  4 bullfrog skeletons
  3 orc wizards (D:10)
  2 centaur skeletons
  An iguana (D:7)
  Natasha (thrice) (D:2)
  5 worker ants
  3 hound zombies
  A hound skeleton (D:9)
  A howler monkey zombie (D:8)
  8 gnolls
  20 adders
  4 shadow imps
  2 adder skeletons
  A worm (D:3)
  3 dart slugs (D:1)
  An adder simulacrum (D:9)
  8 leopard geckos
  16 orcs
  5 giant cockroaches
  13 goblins
  8 hobgoblins
  23 jackals
  6 kobolds
  2 quokkas
  A ball python (D:3)
  16 bats
  8 frilled lizards
  A leopard gecko skeleton (D:8)
  A leopard gecko zombie (D:7)
  A quokka skeleton (D:4)
  2 quokka zombies
  8 rats
  A rat zombie (D:5)
  A plant (Lair:6)
384 creatures vanquished.

Vanquished Creatures (collateral kills)
  2 hydras
  A black bear (Lair:5)
3 creatures vanquished.

Vanquished Creatures (others)
  A fungus (Lair:5)
  3 plants (Lair:6)
4 creatures vanquished.

Grand Total: 391 creatures vanquished

Notes
Turn   | Place    | Note
-------+----------+-------------------------------------------
     0 | D:1      | growler the Demigod Ice Elementalist began the quest for
                  | the Orb.
     0 | D:1      | Reached XP level 1. HP: 14/14 MP: 5/5
   260 | D:1      | Reached XP level 2. HP: 20/20 MP: 4/7
   774 | D:1      | Reached XP level 3. HP: 26/26 MP: 6/8
   779 | D:1      | Learned a level 3 spell: Frozen Ramparts
  1336 | D:2      | Found a shattered altar of Ashenzari.
  1340 | D:2      | Noticed Natasha
  1346 | D:2      | Killed Natasha
  1346 | D:2      | Reached skill level 5 in Ice Magic
  1421 | D:2      | Reached XP level 4. HP: 30/33 MP: 5/9
  1498 | D:2      | Learned a level 3 spell: Ozocubu's Armour
  1515 | D:2      | Noticed Natasha
  1522 | D:2      | Killed Natasha
  1620 | D:2      | Noticed Sigmund
  1662 | D:2      | Killed Sigmund
  1662 | D:2      | Reached XP level 5. HP: 14/38 MP: 3/10
  2286 | D:2      | Found a shattered altar of Ashenzari.
  2292 | D:2      | Noticed Natasha
  2301 | D:2      | Killed Natasha
  2462 | D:3      | Reached XP level 6. HP: 45/45 MP: 8/11
  2839 | D:3      | Found a shadowy altar of Dithmenos.
  3553 | D:3      | Found a basalt altar of Yredelemnul.
  3705 | D:4      | Found a sparkling altar of Nemelex Xobeh.
  5305 | D:5      | Entered Level 5 of the Dungeon
  5653 | D:5      | Learned a level 4 spell: Summon Ice Beast
  5813 | D:5      | Found Uplungaa's Food Shoppe.
  5826 | D:5      | Reached XP level 7. HP: 39/50 MP: 10/14
  6018 | D:5      | Found a glowing golden altar of the Shining One.
  6171 | D:5      | Noticed Grinder
  6205 | D:5      | Paralysed by Grinder for 5 turns
  6212 | D:5      | Paralysed by Grinder for 6 turns
  6222 | D:5      | Paralysed by Grinder for 3 turns
  6242 | D:5      | Paralysed by Grinder for 2 turns
  6485 | D:5      | Noticed Prince Ribbit
  6491 | D:5      | Killed Prince Ribbit
  6805 | D:5      | Reached XP level 8. HP: 57/57 MP: 12/17
  6875 | D:5      | Found a white marble altar of Elyvilon.
  7043 | D:5      | Found a runed translucent door.
  7044 | D:5      | Noticed Crazy Yiuf
  7055 | D:5      | Killed Crazy Yiuf
  7123 | D:5      | Learned a level 4 spell: Hailstorm
  7574 | D:6      | Found a sacrificial altar of Ru.
  7782 | D:6      | Reached skill level 10 in Ice Magic
  7906 | D:6      | Found a staircase to the Ecumenical Temple.
  8204 | D:6      | Reached skill level 1 in Fighting
  8995 | D:7      | Reached skill level 5 in Spellcasting
  9023 | D:7      | Reached XP level 9. HP: 66/71 MP: 12/20
  9902 | D:8      | Reached skill level 5 in Fighting
  9902 | D:8      | Reached skill level 1 in Shields
 10122 | D:8      | Found a shimmering altar of Xom.
 10238 | D:8      | Found a staircase to the Lair.
 10309 | D:8      | Found a stormy altar of Qazlal.
 10574 | D:8      | Found an opulent altar of Gozag.
 10875 | D:9      | Reached skill level 1 in Charms
 10945 | D:9      | Reached skill level 5 in Shields
 11593 | D:9      | Found a hazy altar of Hepliaklqana.
 11632 | D:9      | Noticed a two-headed ogre
 11646 | D:9      | Killed a two-headed ogre
 11888 | D:10     | Entered Level 10 of the Dungeon
 12054 | D:10     | Reached skill level 1 in Summonings
 12054 | D:10     | Reached XP level 10. HP: 81/81 MP: 15/21
 13076 | D:11     | Noticed an eight-headed hydra
 13537 | D:11     | Found a runed translucent gate.
 13538 | D:11     | Found a runed translucent gate.
 13539 | D:11     | Found a runed translucent gate.
 13541 | D:11     | Noticed DadFather's ghost (journeyman CeHu)
 13541 | D:11     | Identified the +6 short sword of Fianuq {venom, rF+ Int+3
                  | SInv}
 13555 | D:11     | Noticed a cyclops
 13561 | D:11     | Killed a cyclops
 13782 | D:11     | Killed an eight-headed hydra
 13782 | D:11     | Reached skill level 5 in Dodging
 15056 | D:5      | Paralysed by Grinder for 2 turns
 15085 | D:5      | Killed Grinder
 15173 | Lair:1   | Entered Level 1 of the Lair of Beasts
 15174 | Lair:1   | Identified Sif Muna's Catalogue of the Congealing Mountains
 15264 | Lair:1   | Reached skill level 1 in Armour
 15476 | Lair:1   | Reached XP level 11. HP: 75/86 MP: 19/22
 15698 | Lair:1   | Reached skill level 5 in Armour
 16262 | Lair:2   | Learned a level 2 spell: Ensorcelled Hibernation
 16502 | Lair:2   | Found a runed translucent door.
 16503 | Lair:2   | Found a shimmering altar of Xom.
 16503 | Lair:2   | Noticed Cheops's ghost (journeyman HaHu)
 16503 | Lair:2   | Noticed a +4 flail of chaos
 17137 | Lair:3   | Reached skill level 1 in Hexes
 17204 | Lair:3   | Noticed Nergalle
 17224 | Lair:3   | Killed Nergalle
 17224 | Lair:3   | Reached skill level 1 in Short Blades
 17654 | Lair:3   | Found a staircase to the Shoals.
 17668 | Lair:3   | Reached skill level 5 in Stealth
 17755 | Lair:3   | Reached XP level 12. HP: 96/96 MP: 20/23
 17776 | Lair:3   | Noticed an eight-headed hydra
 17793 | Lair:3   | Killed an eight-headed hydra
 18051 | Lair:3   | Reached skill level 5 in Short Blades
 18967 | Lair:4   | Found a hole to the Spider Nest.
 19209 | Lair:5   | Found a viscous altar of Jiyva.
 19209 | Lair:5   | Found a staircase to the Slime Pits.
 19514 | Lair:5   | Noticed a seven-headed hydra
 19548 | Lair:5   | Killed a seven-headed hydra
 20109 | Lair:6   | Entered Level 6 of the Lair of Beasts
 20178 | Lair:6   | Reached skill level 10 in Shields
 20355 | Lair:6   | Noticed a four-headed hydra
 20368 | Lair:6   | Killed a four-headed hydra
 20470 | Lair:6   | Found a runed translucent door.
 20471 | Lair:6   | Noticed an ice dragon
 21225 | Lair:6   | Reached XP level 13. HP: 95/108 MP: 21/24
 21622 | Lair:6   | Slain by an ice dragon

Illustrated notes

Levels and vault maps discovered:
D:1:      tarquinn_simple_flora_water_f, layout_loops_ring
D:2:      layout_loops_ring, ashenzari_conservatory_becter, minmay_lizard_pond,
          uniq_sigmund, uniq_natasha
D:3:      layout_basic, marbit_many_paths, lemuel_round_altar
D:4:      layout_layer_cave, nicolae_overflow_hidden_temple
D:5:      cheibrodos_iron_armory, layout_basic, kennysheep_mini_moat,
          kennysheep_mini, enter_ossuary_4, serial_shops, shop_fountains,
          first_ration, uniq_prince_ribbit1, uniq_crazy_yiuf_cottage,
          uniq_grinder
D:6:      minmay_razor_zed, layout_loops_ring, minmay_temple_entry_hall,
          basic_altar
D:7:      layout_rooms, enter_bailey_7, the_bakery, serial_bayou_pond_c
D:8:      layout_basic, overflow_temple_1_default,
          nicolae_overflow_crystal_walls, grunt_qazlal_clouds, lair_entry_dummy
D:9:      layout_basic, lemuel_crystal_altar, minmay_microvault
D:10:     layout_irregular_city
D:11:     layout_roguey, gammafunk_ghost_nasty_kobolds
Lair:1:   layout_chaotic_city
Lair:2:   layout_cellular_growth, ebering_ghost_xom
Lair:3:   layout_gridlike, elwin_shoals_entry_stream, grunt_megastairs_3,
          uniq_nergalle
Lair:4:   layout_loops_ring, nicolae_spider_entry_orb_guardian,
          chequers_serial_rivers_micro_a
Lair:5:   layout_gridlike, slime_altar_1, roderic_batcave
Lair:6:   wormcave, layout_cave_shapes, grunt_forest_stairs_basic

Skill      XL: |  1  2  3  4  5  6  7  8  9 10 11 12 |
---------------+-------------------------------------+-----
Spellcasting   | 2 3 4 5 |  5.0
Ice Magic      | 4 5 6 7 9 10 | 10.0
Fighting       | 4 5 6 8 |  8.9
Shields        | 6 7 10 | 10.0
Charms         | 3 |  3.0
Summonings     | 1 4 |  4.0
Dodging        | 6 |  6.0
Armour         | 2 6 |  6.0
Hexes          | 3 |  3.0
Short Blades   | 4 6 |  6.0
Stealth        | 5 |  5.0

Action                   |  1- 3 |  4- 6 |  7- 9 | 10-12 | 13-15 || total
-------------------------+-------+-------+-------+-------+-------++-------
Melee: Dagger            |    15 |   117 |   141 |   204 |    45 ||   522
       Whip              |       |       |    86 |    84 |       ||   170
       Flail             |       |       |       |    29 |       ||    29
 Cast: Freeze            |    51 |    25 |    63 |    49 |       ||   188
       Frozen Ramparts   |     2 |    20 |    43 |    71 |       ||   136
       Ozocubu's Armour  |       |     5 |     5 |    14 |     2 ||    26
       Summon Ice Beast  |       |       |       |    11 |     2 ||    13
       Ensorcelled Hiber |       |       |       |    45 |     6 ||    51
Evoke: Wand              |       |       |     5 |     3 |     1 ||     9
  Use: Scroll            |       |     8 |    13 |    10 |       ||    31
       Potion            |       |     2 |       |     1 |     1 ||     4
 Stab: Sleeping          |       |     5 |     8 |    28 |     3 ||    44
       Distracted        |       |       |       |     2 |       ||     2
  Eat: Chunk             |     2 |     9 |    21 |    27 |     1 ||    60
       Ration            |       |     2 |       |     2 |       ||     4
Armor: Robe              |    11 |    36 |    74 |    13 |       ||   134
       Leather armour    |       |       |       |    20 |       ||    20
       Troll leather arm |       |       |       |    65 |     5 ||    70
Dodge: Dodged            |    39 |    74 |   183 |   231 |    17 ||   544
Block: Kite shield       |       |       |    26 |   214 |    11 ||   251
